 Dungeon Crawl Stone Soup version 0.27.0-1-g7a089689b8 (webtiles) character file.

Game seed: 3820559689395809992

13 nxtlvl the Poker (level 2, 14/22 HPs)
             Began as a Human Gladiator on Aug 4, 2021.
             Was an Initiate of Ashenzari.
             Got out of the dungeon alive.
             The game lasted 00:02:33 (215 turns).

nxtlvl the Poker (Human Gladiator)                   Turns: 215, Time: 00:02:34

Health: 14/22      AC:  4    Str: 14    XL:     2   Next: 50%
Magic:  2/2        EV: 12    Int:  8    God:    Ashenzari [......]
Gold:   2          SH:  0    Dex: 14    Spells: 1/1 levels left

rFire    . . .     SeeInvis .   a - +0 trident
rCold    . . .     Faith    .   (no shield)
rNeg     . . .     Spirit   .   b - +0 leather armour
rPois    .         Reflect  .   c - +0 helmet
rElec    .         Harm     .   (no cloak)
rCorr    .         Rampage  .   (no gloves)
Will     .....                  (no boots)
Stlth    +.........             (no amulet)
HPRegen  0.07/turn              (no ring)
MPRegen  0.08/turn              (no ring)

@: no status effects
A: no striking features
a: Renounce Religion, Curse Item


You escaped.
You worshipped Ashenzari.
Ashenzari was noncommittal.
You visited 1 branch of the dungeon, and saw 1 of its levels.

You collected 2 gold pieces.

Inventory:

Hand Weapons
 a - a +0 trident (weapon)
Missiles
 d - 3 throwing nets (quivered)
 e - 14 poisoned darts
Armour
 b - a +0 leather armour (worn)
 c - a +0 helmet (worn)
Potions
 f - a potion of haste


   Skills:
 - Level 2.0 Fighting
 + Level 3.4 Polearms
 - Level 2.0 Throwing
 - Level 3.1 Dodging


You had one spell level left.
You didn't know any spells.
Your spell library was empty.

Dungeon Overview and Level Annotations

Branches:
Dungeon (1/15)

Altars:
Ashenzari


Message History

a +0 short sword; a kobold corpse
Found 2 gold pieces.
Found a stone staircase leading down.
The frilled lizard hisses angrily.
Reach: a) +0 trident
Press: ? - help, Dir - move target, f - frilled lizard
Aim: a frilled lizard (about 60% to evade your +0 trident)
You reach to attack!
You hit the frilled lizard.
The frilled lizard is heavily wounded.
Your leather armour prevents you from hitting the frilled lizard.
The frilled lizard is heavily wounded.
The frilled lizard bites you but does no damage.
You hit the frilled lizard.
You kill the frilled lizard!
Found an escape hatch in the floor.
You now have 2 gold pieces.
f - an amethyst potion
There is a faded altar of an unknown god here.
You see here a +0 dagger.
No target in view!
You aren't carrying any pieces of jewellery.
You cannot tell which god this altar belongs to.
Convert to them anyway?
Ashenzari accepts your prayer! Ashenzari welcomes you!
f - a potion of haste Ashenzari warns you of distant threats and treasures.
Ashenzari reveals the structure of the dungeon to you.
Ashenzari shows you where magical portals lie.
Ashenzari prevents you from stumbling into unseen traps.
Ashenzari identifies your possessions.
Ashenzari invites you to partake of a vision and a curse of alchemy and ranged combat.
A dart slug comes into view.
The dart slug launches a dart at you. The slug dart misses you.
A kobold comes into view. It is wielding a +0 dagger.
The dart slug launches a dart at you. The slug dart hits you.
The dart slug launches a dart at you. The slug dart hits you.
The dart slug launches a dart at you. The slug dart hits you.
You open the door.
There is an open door here.
There is a staircase leading out of the dungeon here.
Are you sure you want to leave the Dungeon?
This will make you lose the game!
You have escaped!

#. #.......# #
#.#####.# #'#
#.##.##########.####
.#.. #...##..#.#..##
..# #...#.#.#.#.#.#
##.# #...#..#...#..#
#..###..####.....####
##...##..'.....@.....+
##..#.....####.....####
.w.........#.(#...#..#
..##..##...#.#.#.#.#.#
#.##..#######..#.#..##
#.##..# ####.####
......# #+# ...##.#
.......


There were no monsters in sight!

Vanquished Creatures
  An endoplasm (D:1)
  A goblin (D:1)
  3 hobgoblins (D:1)
  2 jackals (D:1)
  2 frilled lizards (D:1)
  A kobold (D:1)
  2 rats (D:1)
12 creatures vanquished.

Notes
Turn   | Place    | Note
-------+----------+-------------------------------------------
     0 | D:1      | nxtlvl the Human Gladiator began the quest for the Orb.
     0 | D:1      | Reached XP level 1. HP: 16/16 MP: 1/1
    61 | D:1      | Reached XP level 2. HP: 14/22 MP: 2/2
    99 | D:1      | Found a faded altar of an unknown god.
   172 | D:1      | Became a worshipper of Ashenzari the Shackled
   215 | D:$      | Got out of the dungeon alive.

Illustrated notes

Levels and vault maps discovered:
D:1:      nzn_arrival_crosshair, layout_rooms,
          ebering_ecumenical_altar_sacrificial

Action                   || total
-------------------------++-------
Melee: Trident           ||    40
Armor: Leather armour    ||     9
Dodge: Dodged            ||    15
